 Dungeon Sprint DCSS version 0.30.1-9-gdf580d7c3d (webtiles) character file.

Game seed: 15336644590848052248

1407 Heoruswealwe the Impaler (level 8, -5/83 HPs)
             Began as a Minotaur Fighter on Oct 23, 2023.
             Was an Initiate of Gozag.
             Slain by a vampire mosquito (7 damage)
             ... in the Dungeon (Sprint IX: "|||||||||||||||||||||||||||||").
             The game lasted 00:02:09 (179 turns).

Heoruswealwe the Impaler (Minotaur Fighter)          Turns: 179, Time: 00:02:09

Health: -5/83      AC:  5    Str: 23    XL:     8   Next: 42%
Magic:  7/7        EV:  9    Int:  5    God:    Gozag
Gold:   504        SH:  4    Dex: 10    Spells: 7/7 levels left

rFire   . . .        a - +0 trident
rCold   . . .        d - +0 buckler
rNeg    . . .        c - +0 scale mail
rPois   .            (helmet restricted)
rElec   .            (no cloak)
rCorr   .            (no gloves)
SInv    .            (no boots)
Will    .....        (no amulet) Stlth
                     (no ring)
HPRegen 0.33/turn    (no ring)
MPRegen 0.10/turn

%: no teleportation
@: corroded, gold aura
A: horns 2, retaliatory headbutt
a: Renounce Religion, Potion Petition, Call Merchant, Bribe Branch


You were in the Dungeon.
You worshipped Gozag.
Gozag was pleased with you.
You visited 1 branch You collected 504 gold pieces.

Inventory:

Hand Weapons
 a - a +0 trident (weapon)
Armour
 c - a +0 scale mail (worn)
 d - a +0 buckler (worn)
Jewellery
 k - a +2 ring of protection
 l - a +3 ring of strength
Wands
 h - a wand of roots (10)
Scrolls
 j - 2 scrolls of blinking
Potions
 b - a potion of might
 e - 4 potions of curing
 f - a potion of heal wounds
 g - a potion of haste
 i - a potion of berserk rage


   Skills:
 + Level 11.8 Fighting
 * Level 15.8 Polearms
 + Level 11.8 Armour
 - Level 3.6 Shields


You had 7 spell levels left.
You didn't know any spells.
Your spell library was empty.

Dungeon Overview and Level Annotations

Branches:
Dungeon (1/1)

Altars:
Cheibriados
Dithmenos
Elyvilon
Fedhas
Gozag
Hepliaklqana
Kikubaaqudgha
Makhleb
Nemelex Xobeh
Okawaru
Qazlal
Ru
Sif Muna
Trog
Uskayaw
Vehumet
Wu Jian
Xom
Yredelemnul
Zin
The Shining One
Jiyva
Lugonu


Innate Abilities, Weirdness & Mutations

You have a pair of horns on your head.
You reflexively headbutt those who attack you in melee.


Message History

You closely miss the vampire mosquito.
The vampire mosquito is almost destroyed.
The vampire mosquito bites you but does no damage.
You puncture the vampire mosquito!
You destroy the vampire mosquito!
You hit the vampire mosquito but do no damage.
Your headbutt misses the vampire mosquito.
The vampire mosquito is distracted by your dazzling golden aura.
You miss the vampire mosquito.
The vampire mosquito is no longer distracted by gold.
The vampire mosquito buzzes angrily.
Your headbutt misses the vampire mosquito.
The vampire mosquito bites you.
* * * LOW HITPOINT WARNING * * *
The vampire mosquito draws strength from your injuries!
The vampire mosquito bites you.
* * * LOW HITPOINT WARNING * * *
The vampire mosquito draws strength from your injuries!
You hit the vampire mosquito.
The vampire mosquito is lightly damaged.
The vampire mosquito is distracted by your dazzling golden aura.
The vampire mosquito buzzes angrily.
You puncture the vampire mosquito!
The vampire mosquito is no longer distracted by gold.
Your headbutt misses the vampire mosquito.
The vampire mosquito is severely damaged.
The vampire mosquito bites you!
* * * LOW HITPOINT WARNING * * *
The vampire mosquito draws strength from your injuries!
Unknown command.
You miss the vampire mosquito.
The vampire mosquito is heavily damaged.
The vampire mosquito completely misses you.
You furiously retaliate!
You headbutt the vampire mosquito, but do no damage.
You miss the vampire mosquito.
The vampire mosquito is heavily damaged.
The vampire mosquito bites you!
You die...
Your body crumbles into a pile of gold.

▓.▓
$
▓.▓
▓$▓
$
▓$▓
$
▓$▓
$
▓.▓
$
▓.▓
$ $
▓.▓
$
▓@▓
$
▓y▓
▓O▓
▓C▓
▓H▓
▓.▓
▓.▓
▓.▓


You could see a two-headed ogre, a manticore, a cyclops and a vampire mosquito.

Vanquished Creatures
  An ugly thing (D)
  A wyvern (D)
  2 yaks (D)
  A vampire mosquito (D)
  An acid dragon (D)
  A centaur (D)
  2 scorpions (D)
  A howler monkey (D)
  An iguana (D)
  An adder (D)
  A ball python (D)
  An endoplasm (D)
  A giant cockroach (D)
  A quokka (D)
  A bat (D)
  A frilled lizard (D)
18 creatures vanquished.

Notes
Turn   | Place    | Note
-------+----------+-------------------------------------------
     0 | D        | Heoruswealwe the Minotaur Fighter began the quest for the
                  | Orb.
     0 | D        | Reached XP level 1. HP: 19/19 MP: 0/0
     8 | D        | Reached skill level 3 in Polearms
    21 | D        | Noticed a scorpion
    21 | D        | Noticed an iguana
    21 | D        | Noticed a scorpion
    27 | D        | Reached skill level 4 in Polearms
    27 | D        | Reached XP level 2. HP: 26/28 MP: 1/1
    33 | D        | Killed a scorpion
    34 | D        | Reached skill level 7 in Polearms
    34 | D        | Reached XP level 3. HP: 37/37 MP: 2/2
    34 | D        | Reached XP level 4. HP: 44/44 MP: 3/3
    44 | D        | Reached skill level 8 in Polearms
    48 | D        | Killed a scorpion
    49 | D        | Reached skill level 9 in Polearms
    49 | D        | Reached XP level 5. HP: 47/52 MP: 4/4
    55 | D        | Found a snail-covered altar of Cheibriados.
    55 | D        | Found a shadowy altar of Dithmenos.
    55 | D        | Found a white marble altar of Elyvilon.
    55 | D        | Found a blossoming altar of Fedhas.
    55 | D        | Found an opulent altar of Gozag.
    56 | D        | Found a hazy altar of Hepliaklqana.
    57 | D        | Found a viscous altar of Jiyva.
    58 | D        | Found an ancient bone altar of Kikubaaqudgha.
    59 | D        | Found a corrupted altar of Lugonu.
    60 | D        | Found a burning altar of Makhleb.
    61 | D        | Found a sparkling altar of Nemelex Xobeh.
    62 | D        | Found an iron altar of Okawaru.
    63 | D        | Became a worshipper of Gozag Ym Sagoz the Greedy
    64 | D        | Found a stormy altar of Qazlal.
    65 | D        | Found a sacrificial altar of Ru.
    66 | D        | Found a shimmering blue altar of Sif Muna.
    67 | D        | Found a bloodstained altar of Trog.
    68 | D        | Found a hide-covered altar of Uskayaw.
    69 | D        | Found a radiant altar of Vehumet.
    70 | D        | Found an ornate altar of the Wu Jian Council.
    71 | D        | Found a shimmering altar of Xom.
    72 | D        | Found a basalt altar of Yredelemnul.
    73 | D        | Found a glowing silver altar of Zin.
    74 | D        | Found a glowing golden altar of the Shining One.
    98 | D        | Noticed a yak
    98 | D        | Noticed a centaur
    98 | D        | Noticed a yak
    98 | D        | Noticed a wyvern
    98 | D        | Noticed an acid dragon
   106 | D        | Killed a yak
   107 | D        | Reached skill level 11 in Polearms
   107 | D        | Reached XP level 6. HP: 47/62 MP: 5/5
   116 | D        | Reached skill level 12 in Polearms
   129 | D        | Killed a yak
   130 | D        | Reached skill level 13 in Polearms
   130 | D        | Reached skill level 10 in Armour
   130 | D        | Reached XP level 7. HP: 31/71 MP: 6/6
   134 | D        | Killed a wyvern
   135 | D        | Reached skill level 10 in Fighting
   138 | D        | Reached skill level 14 in Polearms
   143 | D        | Noticed a brown ugly thing
   143 | D        | Noticed a vampire mosquito
   143 | D        | Noticed a vampire mosquito
   143 | D        | Noticed a two-headed ogre
   143 | D        | Noticed a cyclops
   143 | D        | Noticed a manticore
   161 | D        | HP: 3/73 [acid (5)]
   170 | D        | Killed a brown ugly thing
   171 | D        | Reached skill level 15 in Polearms
   171 | D        | Reached XP level 8. HP: 15/82 MP: 7/7
   177 | D        | HP: 1/83 [vampire mosquito (10)]
   179 | D        | Slain by a vampire mosquito

Illustrated notes

Levels and vault maps discovered:
D:        linesprint [early_d, line_temple, items_1, d_10, items_2, lair_1,
          lair_end, items_3, orc_1, orc_end, items_4, d_15, swamp_1, shoals_1,
          snake_1, spider_1, d_20, vaults_1, items_5, swamp_end, shoals_end,
          snake_end, spider_end, vaults_end, d_27, items_6, zot_1, zot_end,
          crypt_end, forest_end, elf_end, slime_end, tomb_end, abyss_end,
          pan_hell_end]

Skill      XL: |  1  2  3  4  5  6  7 |
---------------+----------------------+-----
Polearms       | 4 7 9 11 13 15 | 15.8
Fighting       | 4 6 7 8 9 11 | 11.8
Armour         | 4 6 7 8 10 11 | 11.8
Shields        | |  3.6

Action                     |  1- 3 |  4- 6 |  7- 9 || total
---------------------------+-------+-------+-------++-------
  Melee: Trident           |    21 |    43 |    42 ||   106
         Headbutt          |     1 |     6 |     9 ||    16
    Use: Potion            |     1 |       |     2 ||     3
   Stab: Distracted        |       |     1 |       ||     1
 Armour: Scale mail        |     8 |    15 |     7 ||    30
  Dodge: Dodged            |    10 |    15 |     7 ||    32
  Block: Buckler           |     5 |     8 |     4 ||    17
